 Dungeon Sprint DCSS version 0.18.1-48-g4cf74bf (webtiles) character file.

11 Iaoel the Skirmisher (level 2, -2/28 HPs)
             Began as a Hill Orc Abyssal Knight on Sept 6, 2016.
             Was a Believer of Lugonu.
             Slain by a porcupine (9 damage)
             ... in the Dungeon (Sprint V: "Ziggurat Sprint").
             The game lasted 00:03:21 (126 turns).

Iaoel the Skirmisher (Hill Orc Abyssal Knight)       Turns: 126, Time: 00:03:22

Health: -2/28      AC: 26    Str: 12    XL:     2   Next: 25%
Magic:  1/4        EV:  3    Int: 12    God:    Lugonu [**....]
Gold:   0          SH:  0    Dex: 10    Spells: 0 memorised, 3 levels left

rFire  . . .     SeeInvis .     B - +0 Mace of Variability {chaos}
rCold  . . .     Gourm    .     C - +15 Maxwell's patent armour {-Cast -Tele rElec MR+ rCorr}
rNeg   . . .     Faith    .     (shield currently unavailable)
rPois  .         Spirit   .     (no helmet)
rElec  +         Dismiss  .     (no cloak)
rCorr  +         Reflect  .     (no gloves)
SustAt .         Harm     .     (no boots)
MR     +....     NoTele   +     (no amulet)
Stlth  .......... NoCast   +    (no ring)
                                (no ring)

@: somewhat resistant to hostile enchantments, extremely unstealthy
A: weak 1
a: Bend Space, Renounce Religion


You were in the Dungeon.
You worshipped Lugonu.
Lugonu was pleased with you.
You were not hungry.

You visited 1 branch

Inventory:

Hand Weapons
 a - a +1 mace
 B - the +0 Mace of Variability (weapon) {chaos}
   (You found it in the Dungeon)

   Each time it hits an enemy it has a different, random effect.
Armour
 b - a +0 leather armour
 C - the +15 Maxwell's patent armour (worn) {-Cast -Tele rElec MR+ rCorr}
   (You found it in the Dungeon)

   It insulates you from electricity.
   It affects your resistance to hostile enchantments.
   It prevents spellcasting.
   It prevents most forms of teleportation.
   It protects you from acid and corrosion.
Wands
 m - a wand of disintegration (7/24)
 y - a wand of iceblast (5/15)
 z - a wand of lightning (5/15)
 A - a wand of acid (5/15)
Scrolls
 i - 4 scrolls of blinking
 p - 4 scrolls of amnesia
 q - 3 scrolls of recharging
 r - 7 scrolls of fog
 s - a scroll of holy word
 t - 5 scrolls of identify
 u - 5 scrolls of remove curse
 v - 2 scrolls of fear
Potions
 d - 10 potions of curing
 e - 8 potions of heal wounds
 f - 6 potions of haste
 g - 7 potions of magic
 h - 3 potions of berserk rage
 j - 2 potions of brilliance
 k - 2 potions of invisibility
 l - 4 potions of resistance
 n - 5 potions of agility
 o - 5 potions of might
Miscellaneous
 E - a plain deck of changes {drawn: 5}
Comestibles
 c - 5 bread rations
 w - 42 fruits
 x - 4 meat rations
 D - a chunk of flesh


   Skills:
 + Level 4.7 Fighting
 + Level 4.1 Maces & Flails
 + Level 1.4 Throwing
 + Level 4.1 Armour
 + Level 1.8 Dodging
 + Level 1.7 Stealth
 + Level 2.1 Unarmed Combat
 + Level 1.3 Spellcasting
 + Level 3.8 Invocations


You had 3 spell levels left.
You didn't know any spells.

Dungeon Overview and Level Annotations

Branches:
Dungeon (1/1)

Altars:
Ashenzari
Cheibriados
Dithmenos
Elyvilon
Fedhas
Gozag
Kikubaaqudgha
Makhleb
Nemelex Xobeh
Okawaru
Pakellas
Qazlal
Ru
Sif Muna
Trog
Vehumet
Xom
Yredelemnul
Zin
The Shining One
Beogh
Jiyva
Lugonu


Innate Abilities, Weirdness & Mutations

You are weak. (Str -2)


Message History

* * * LOW HITPOINT WARNING * * *
The wolf bites you but does no damage. The porcupine bites you.
* * * LOW HITPOINT WARNING * * *
The sheep completely misses you.
The river rat bites you but does no damage.
The wolf barely misses you.
Drink which item? (? for menu, Esc to quit)
You feel much better. The wolf bites you but does no damage.
The porcupine bites you but does no damage.
The sheep bites you but does no damage.
The river rat bites you but does no damage.
The wolf bites you but does no damage.
Your magical contamination has completely faded away.
Space bends around you!
You blink.
You feel slightly more hungry.
You are struck by the porcupine's spines.
* * * LOW HITPOINT WARNING * * *
You closely miss the porcupine.
The porcupine bites you but does no damage.
The wolf bites you but does no damage. The porcupine bites you!
You die...

▓▓▓▓▓▓▓▓▓▓▓▓▓▓▓▓▓▓▓
▓.8©8.▓.8©8.▓.8©8.▓
▓.}=[.▓.)...▓.....▓
▓..:..▓.....▓.=...▓
▓.....▓.....▓.....▓
▓...r.▓.J{J.▓.))..▓
▓..rY.▓.....▓.....▓
▓..h@.▓.....▓▓▓▓▓▓▓
▓▓▓▓▓▓▓▓▓▓▓▓▓


You could see a wolf, a porcupine, a sheep and a river rat.

Vanquished Creatures
  A big kobold (D)
  2 orcs (D)
3 creatures vanquished.

Notes
Turn   | Place    | Note
--------------------------------------------------------------
     0 | D        | Iaoel the Hill Orc Abyssal Knight began the quest for the Orb.
     0 | D        | Reached XP level 1. HP: 19/19 MP: 2/2
     0 | D        | Found an iron altar of Okawaru.
     0 | D        | Found a burning altar of Makhleb.
     0 | D        | Found a radiant altar of Vehumet.
     0 | D        | Found a deep blue altar of Sif Muna.
     0 | D        | Found a shimmering altar of Xom.
     0 | D        | Found a bloodstained altar of Trog.
     1 | D        | Found a roughly hewn altar of Beogh.
     1 | D        | Found a viscous altar of Jiyva.
     1 | D        | Found a corrupted altar of Lugonu.
     1 | D        | Found a white marble altar of Elyvilon.
     1 | D        | Found a sparkling altar of Nemelex Xobeh.
     7 | D        | Reached skill level 1 in Throwing
     7 | D        | Reached skill level 1 in Dodging
     7 | D        | Reached skill level 1 in Stealth
     7 | D        | Reached skill level 1 in Spellcasting
     7 | D        | Reached XP level 2. HP: 28/28 MP: 2/4
    38 | D        | Entered arena 1.
    49 | D        | Reached ** piety under Lugonu
    73 | D        | Gained mutation: You are weak. (Str -2) [helix card]
    74 | D        | Noticed Fuell
    99 | D        | Killed Fuell the big kobold
   105 | D        | Entered arena 2.
   105 | D        | Noticed a slime creature
   120 | D        | Entered arena 3.
   120 | D        | Noticed a porcupine
   120 | D        | Noticed a wolf
   126 | D        | Slain by a porcupine

Skill      XL: |  1 |
---------------+----+-----
Fighting       | 4 |  4.7
Maces & Flails | 4 |  4.1
Throwing       | 1 |  1.4
Armour         | 4 |  4.1
Dodging        | 1 |  1.8
Stealth        | 1 |  1.7
Unarmed Combat | 2 |  2.1
Spellcasting   | 1 |  1.3
Invocations    | 3 |  3.8

Action                   || total
-------------------------++-------
Melee: Great mace        ||    49
Invok: Bend Space        ||     3
Evoke: Deck              ||     5
  Use: Potion            ||     3
 Stab: Invisible         ||     1
Armor: Plate armour      ||    89
Dodge: Dodged            ||    17
